 Dungeon Crawl Stone Soup version 0.31-a0-1-g4198be8af4 (webtiles) character file.

Game seed: 10753772332101204122

555 ragingrage the Shooter (level 7, -3/51 HPs)
             Began as a Vampire Berserker on May 2, 2023.
             Was a Priest of Trog.
             Slain by a killer bee (8 damage)
             ... on level 4 of the Dungeon.
             The game lasted 00:04:08 (3033 turns).

ragingrage the Shooter (Vampire Berserker)          Turns: 3033, Time: 00:04:09

Health: -3/51      AC:  6    Str: 16    XL:     7   Next: 8%
Magic:  7/7        EV: 11    Int: 10    God:    Trog [***...]
Gold:   245        SH:  0    Dex: 15    Spells: 6/6 levels left

rFire   . . .        b - +2 arbalest (heavy)
rCold   . . .        (shield currently unavailable)
rNeg    . . .        t - +0 ring mail
rPois   .            (no helmet)
rElec   .            j - +0 cloak
rCorr   .            (no gloves)
SInv    +            (no boots)
Will    .....        (no amulet)
Stlth   +            (no ring)
HPRegen 0.48/turn    (no ring)
MPRegen 0.10/turn

%: no passive effects
@: healing quickly
A: alive, fangs 3, see invisible, vampiric 2
a: Exsanguinate, Renounce Religion, Berserk, Trog's Hand


You were on level 4 of the Dungeon.
You worshipped Trog.
Trog was most pleased with you.
You visited 1 branch of the dungeon, and saw 5 of its levels.

You collected 245 gold pieces.

Inventory:

Hand Weapons
 a - a +0 falchion
 b - a +2 heavy arbalest (weapon)
 e - a +0 dagger
Missiles
 o - 2 throwing nets
Armour
 j - a +0 cloak (worn)
 t - a +0 ring mail (worn)
 v - the +1 leather armour "Qyrosargh" {Dex+3}
   (You found it on level 4 of the Dungeon)

   Dex:       It affects your dexterity (+3).
Jewellery
 q - a ring of ice
Scrolls
 c - 5 scrolls of vulnerability
 g - a scroll of noise {unknown}
 h - a scroll of summoning
 i - 2 scrolls of blinking
 k - a scroll of fear {unknown}
 l - 3 scrolls of identify
 m - a scroll of poison {unknown}
 s - a scroll of fog {unknown}
 u - a scroll of amnesia {unknown}
Potions
 p - a potion of mutation {unknown}
 r - a potion of might {unknown}


   Skills:
 - Level 2.6 Fighting
 - Level 3.4 Long Blades
 + Level 5.8 Ranged Weapons
 - Level 1.5 Armour
 - Level 2.1 Dodging
 - Level 2.3 Stealth


You had 6 spell levels left.
You didn't know any spells.
Your spell library was empty.

Dungeon Overview and Level Annotations

Branches:
Dungeon (5/15)
 Temple: D:4-7

Altars:

Annotations:
D:2 Natasha
D:4 2 transporters


Innate Abilities, Weirdness & Mutations

Your natural rate of healing is accelerated.
You have razor-sharp teeth.
You have supernaturally acute eyesight. (SInv)
You are afflicted with vampirism and can become a bat while bloodless.


Message History

The killer bee closely misses your hound.
Your hound misses the killer bee. The killer bee stings your hound!
The killer bee stings your hound.
Your hound misses the killer bee.
Your hound closely misses the killer bee.
The killer bee barely misses your hound.
The killer bee barely misses your hound.
Your hound bites the killer bee.
The killer bee stings your hound!
Your hound dies!
Your hound's corpse dissolves into shadows!
Your giant cockroach completely misses the killer bee.
The killer bee stings your giant cockroach!
Your giant cockroach dies!
Your giant cockroach's corpse dissolves into shadows!
Blink to where?
As you read the scroll of blinking, it crumbles to dust.
As you read the scroll labelled METUME MEERCH, it crumbles to dust.
You feel strangely unstable.
It was a scroll of teleportation.
You see here a +0 buckler.
Your surroundings suddenly seem different.
You start resting.
A killer bee is nearby!
The killer bee buzzes angrily.
You aren't carrying any items that you can evoke.
Fire: b) +2 arbalest (heavy)
Aim: a killer bee (29% to hit)
You shoot a bolt. The bolt hits the killer bee.
The killer bee stings you but does no damage.
The killer bee barely misses you. x2
The killer bee stings you but does no damage.
Fire: b) +2 arbalest (heavy)
Aim: a killer bee (moderately wounded, 29% to hit)
You shoot a bolt. The bolt closely misses the killer bee.
The killer bee misses you. The killer bee closely misses you.
The killer bee stings you!
* * * LOW HITPOINT WARNING * * *
The killer bee stings you!
* * * LOW HITPOINT WARNING * * *
The killer bee stings you!
You die...

#.# #.#...##.#
#.#.# #.#
#.#..###.## #^#.###
#.#
#.........###.#...#
#.#
###...........###.#
#.#####.......#####
#)# #............##
#.# #######......#
#.# #.##y### #[#
#.##@# #.#####
#.##.# #.y.y..
#.##.# ######y
#.##.# #. #.##.#
############y
#.##.#
#>.....yy....
#.##.##
#.###########
#.#...# #.#
########.#...# #.#


You could see a killer bee.

Vanquished Creatures
  Sigmund (D:2)
  A killer bee (D:4)
  A hound (D:4)
  Natasha (D:2)
  4 adders
  17 gnolls
  2 ufetubi (D:4)
  3 worms
  2 dart slugs
  3 orcs (D:4)
  6 endoplasms
  2 giant cockroaches
  3 goblins
  12 hobgoblins
  6 kobolds
  6 quokkas
  10 ball pythons
  6 bats
  5 frilled lizards
  7 rats
98 creatures vanquished.

Notes
Turn   | Place    | Note
-------+----------+-------------------------------------------
     0 | D:1      | ragingrage the Vampire Berserker began the quest for the
                  | Orb.
     0 | D:1      | Reached XP level 1. HP: 17/17 MP: 1/1
    56 | D:1      | Reached skill level 1 in Stealth
   144 | D:1      | Reached XP level 2. HP: 23/23 MP: 2/2
   837 | D:2      | Noticed Sigmund
   868 | D:2      | Killed Sigmund
   869 | D:2      | Reached skill level 3 in Ranged Weapons
   869 | D:2      | Gained mutation: You are afflicted with vampirism and can
                  | become a bat while bloodless. [Vampire growth]
   869 | D:2      | Reached XP level 3. HP: 22/28 MP: 3/3
   869 | D:2      | Reached XP level 4. HP: 27/34 MP: 4/4
   869 | D:2      | Reached XP level 5. HP: 31/39 MP: 5/5
   926 | D:2      | Reached ** piety under Trog
  1229 | D:2      | Reached skill level 4 in Ranged Weapons
  1349 | D:2      | Noticed Natasha
  1354 | D:2      | Killed Natasha
  1355 | D:2      | Reached XP level 6. HP: 30/46 MP: 6/6
  1403 | D:2      | Noticed Natasha
  1714 | D:3      | Reached skill level 5 in Ranged Weapons
  1803 | D:3      | Reached *** piety under Trog
  2249 | D:4      | Noticed an ice beast
  2250 | D:4      | Found a transporter.
  2252 | D:4      | Noticed an ice beast
  2527 | D:4      | Found a transporter.
  2644 | D:4      | Identified the +1 leather armour "Qyrosargh" {Dex+3}
  2804 | D:5      | Entered Level 5 of the Dungeon
  2811 | D:4      | Reached XP level 7. HP: 44/51 MP: 7/7
  2999 | D:4      | HP: 1/51 [killer bee (7)]
  3033 | D:4      | Slain by a killer bee

Illustrated notes

Levels and vault maps discovered:
D:1:      ncdulo_halloftheorcs, layout_loops_ring
D:2:      layout_loops_ring, basic_altar, uniq_natasha, uniq_sigmund
D:3:      layout_basic
D:4:      gammafunk_cloud_chamber, layout_loops_ring
D:5:      layout_basic, nicolae_tso_swordbearing_angel

Skill      XL: |  1  2  3  4  5  6 |
---------------+-------------------+-----
Stealth        | 1 2 |  2.3
Ranged Weapons | 3 4 5 |  5.8
Fighting       | |  2.6
Long Blades    | |  3.4
Armour         | |  1.5
Dodging        | |  2.1

Action                     |  1- 3 |  4- 6 |  7- 9 || total
---------------------------+-------+-------+-------++-------
  Melee: Falchion          |    34 |     6 |       ||    40
         Bite              |     4 |     2 |       ||     6
         Dagger            |    11 |       |       ||    11
         Punch             |     1 |       |       ||     1
   Fire: Arbalest          |    20 |   131 |    13 ||   164
    Use: Potion            |     3 |       |     4 ||     7
         Scroll            |       |       |     5 ||     5
   Stab: Sleeping          |     4 |       |       ||     4
         Invisible         |     3 |       |       ||     3
 Armour: Animal skin       |    19 |    28 |       ||    47
         Ring mail         |       |    15 |    15 ||    30
  Dodge: Dodged            |    47 |    76 |    34 ||   157

Table legend: (Time is in decaauts)
 A = Elapsed time spent in this place.
 B = Non-inter-level travel time spent in this place.
 C = Inter-level travel time spent in this place.
 D = Time resting spent in this place.
 E = Time spent auto-exploring this place.
 F = Levels seen in this place.
 G = Mean time per level.
                   A        B        C        D        E       F      G
               +--------+--------+--------+--------+--------+-----+--------+
         Total |   3288 |   3047 |    241 |    218 |   1965 |   5 |  657.6 |
       Dungeon |   3288 |   3047 |    241 |    218 |   1965 |   5 |  657.6 |
               +--------+--------+--------+--------+--------+-----+--------+

Top non-repeatable levels by time:
     D:4: 1040 daAuts
     D:1: 847 daAuts
     D:3: 726 daAuts
     D:2: 660 daAuts
     D:5: 13 daAuts
